 Dungeon Crawl Stone Soup version 0.25.1-2-g60ff931df9 (webtiles) character file.

Game seed: 5265086613779147114

32 BroShek the Grasshopper (level 3, -2/29 HPs)
             Began as a Centaur Warper on Nov 8, 2020.
             Slain by Robin
             ... wielding a +8 vorpal falchion
              (5 damage)
             ... on level 1 of the Dungeon.
             The game lasted 00:04:37 (1604 turns).

BroShek the Grasshopper (Centaur Warper)            Turns: 1604, Time: 00:04:38

Health: -2/29      AC:  4    Str: 13    XL:     3   Next: 8%
Magic:  5/5        EV:  9    Int: 13    God:
Gold:   38         SH:  0    Dex:  8    Spells: 1/5 levels left

rFire    . . .     SeeInvis .   a - +1 falchion
rCold    . . .     Gourm    .   (no shield)
rNeg     . . .     Faith    .   b - +0 leather armour
rPois    .         Spirit   .   (no helmet)
rElec    .         Reflect  .   (no cloak)
rCorr    .         Harm     .   (no gloves)
MR       .....                  (no barding)
Stlth    ..........             (no amulet)
HPRegen  0.09/turn              (no ring)
MPRegen  0.09/turn              (no ring)

@: berserk cooldown, slowed
A: large, hooves 3, deformed body, speed 2, tough skin 3
a: no special abilities


You were on level 1 of the Dungeon.
You were not hungry.

You visited 1 branch of the dungeon, and saw 2 of its levels.

You collected 38 gold pieces.

Inventory:

Hand Weapons
 a - a +1 falchion (weapon)
Missiles
 e - 5 boomerangs of dispersal (quivered)
Armour
 b - a +0 leather armour (worn)
Scrolls
 c - 2 scrolls of random uselessness
 d - a scroll of blinking
 h - a scroll of enchant weapon
Potions
 i - a potion of curing {unknown}
 j - a potion of heal wounds {unknown}
 k - a potion of mutation {unknown}
Comestibles
 f - 3 rations


   Skills:
 + Level 2.3 Fighting
 + Level 2.1 Long Blades
 + Level 1.8 Throwing
 + Level 1.0 Armour
 - Level 1.5 Dodging
 + Level 1.8 Spellcasting
 - Level 2.6 Translocations


You had one spell level left.
You knew the following spells:

 Your Spells              Type           Power        Failure   Level  Hunger
a - Blink                 Tloc           N/A          17%         2    ###....
b - Shroud of Golubria    Chrm/Tloc      #.....       28%         2    ###....

Your spell library contained the following spells:

 Spells                   Type           Power        Failure   Level  Hunger
 Gell's Gravitas          Tloc           #.........   32%         3    ####...
 Lesser Beckoning         Tloc           #.........   32%         3    ####...
 Teleport Other           Tloc           #.......     32%         3    ####...
 Passage of Golubria      Tloc           N/A          73%         4    #####..


Dungeon Overview and Level Annotations

Branches:
Dungeon (2/15)

Altars:

Annotations:
D:1 Robin


Innate Abilities, Weirdness & Mutations

You have hooves in place of feet.
Armour fits poorly on your strangely shaped body.
You cover ground very quickly.
You have extremely tough skin. (AC +3)


Message History

It was a potion of berserk rage.
A red film seems to cover your vision as you go berserk!
You feel yourself moving faster!
You feel mighty!
You feel a strong urge to attack something.
You feel your anger nearly subside.
You are no longer berserk.
You are exhausted.
You feel yourself slow down.
Robin's bangles clink loudly.
Robin roars a battlecry!
The hobgoblins go into a battle-frenzy!
The hobgoblin shouts!
You hit Robin.
Robin is moderately wounded.
Robin hits you with a +8 vorpal falchion!
* * * LOW HITPOINT WARNING * * *
x2 You hit Robin but do no damage.
Robin is moderately wounded.
Robin hits you with a +8 vorpal falchion.
You die...

#.#
#......#####...'....
#.#
#..............#####
#.# #####..........#
#.# ###...)......#
#.# #.#..........#
#.# #.####.......#
#.# #.# #.......#
#.# #.# #....)..#
#.# #@# #.......#
#.# #g# #.......#
#.# #g# #.......#
#.# #.# #########
#.# #.# #.# #g# #.#
#.# #.# #.# #.# #.#


You could see Robin and 2 hobgoblins.

Vanquished Creatures
  2 dart slugs (D:1)
  A bat (D:1)
  3 giant cockroaches (D:1)
  9 goblins (D:1)
  3 hobgoblins (D:1)
  2 kobolds (D:1)
  2 frilled lizards (D:1)
  A rat (D:1)
23 creatures vanquished.

Notes
Turn   | Place    | Note
-------+----------+-------------------------------------------
     0 | D:1      | BroShek the Centaur Warper began the quest for the Orb.
     0 | D:1      | Reached XP level 1. HP: 17/17 MP: 3/3
   157 | D:1      | Reached XP level 2. HP: 20/24 MP: 4/4
   164 | D:1      | Learned a level 2 spell: Blink
   167 | D:1      | Learned a level 2 spell: Shroud of Golubria
   661 | D:1      | Reached skill level 1 in Armour
  1230 | D:2      | Noticed Robin
  1306 | D:1      | Reached XP level 3. HP: 16/29 MP: 1/5
  1447 | D:2      | HP: 1/29 [hobgoblin[Robin] (3)]
  1604 | D:1      | Slain by Robin

Illustrated notes

Levels and vault maps discovered:
D:1:      erik_arrival_cave_to_civilisation [erik_arrival_cave_to_hall],
          layout_basic, minmay_misc_feat_enclosed
D:2:      layout_rooms, grunt_temple_overflow_opulence, serial_forest,
          infiniplex_forest_straight_1, infiniplex_forest_3_way,
          infiniplex_forest_clump_medium, infiniplex_forest_lined_ring,
          infiniplex_forest_clump_cross, infiniplex_forest_clump_tiny,
          infiniplex_forest_lined_room_2, uniq_sigmund, uniq_robin, uniq_jessica

Skill      XL: |  1  2 |
---------------+-------+-----
Long Blades    | 2 |  2.1
Armour         | 1 |  1.0
Fighting       | |  2.3
Throwing       | |  1.8
Dodging        | |  1.5
Spellcasting   | |  1.8
Translocations | |  2.6

Action                   || total
-------------------------++-------
Melee: Falchion          ||    70
       Kick              ||    17
 Cast: Blink             ||     3
       Shroud of Golubri ||     1
  Use: Scroll            ||     2
       Potion            ||     1
  Eat: Chunk             ||     2
Armor: Leather armour    ||    27
Dodge: Dodged            ||    29
       Rpst.: Falchion   ||    12
